 Dungeon Crawl Stone Soup version 0.26-a0-1139-g7d2dc893a1 (webtiles) character file.

Game seed: 9731811345354320056

4754 Dracia the Slicer (level 10, 0/79 HPs)
             Began as a Demonspawn Monk on Dec 22, 2020.
             Was a Believer of Sif Muna.
             Killed from afar by a white imp (2 damage)
             ... with a puff of frost
             ... summoned by a kobold demonologist
             ... on level 8 of the Dungeon.
             The game lasted 00:16:57 (10294 turns).

Dracia the Slicer (Demonspawn Monk)                Turns: 10294, Time: 00:16:58

Health: 0/79       AC: 10    Str: 14    XL:     10   Next: 23%
Magic:  0/10       EV: 16    Int: 13    God:    Sif Muna [**....]
Gold:   236        SH:  0    Dex: 15    Spells: 9/9 levels left

rFire    + . .     SeeInvis .   k - +3 dagger (venom)
rCold    + . .     Faith    .   (no shield)
rNeg     . . .     Spirit   +   m - +0 leather armour {rF+}
rPois    .         Reflect  .   (helmet restricted)
rElec    .         Harm     .   e - +2 cloak
rCorr    .         Rampage  .   (no gloves)
Will     .....                  (no boots)
Stlth    ++........             G - amulet of guardian spirit
HPRegen  0.23/turn              (no ring)
MPRegen  0.24/turn              C - ring of protection from cold

@: no status effects
A: antennae 2, slimy green scales 2, magic shield, magic regeneration
a: Renounce Religion, Channel Magic


You were on level 8 of the Dungeon.
You worshipped Sif Muna.
Sif Muna was pleased with you.
You visited 1 branch of the dungeon, and saw 8 of its levels.

You collected 236 gold pieces.


Innate Abilities, Weirdness & Mutations

You have a pair of antennae on your head.
You are mostly covered in slimy green scales. (AC +3)
When hurt, damage is shared between your health and your magic reserves.
You regenerate magic rapidly.


   Skills:
 + Level 7.5 Fighting
 * Level 9.4 Short Blades
 + Level 5.5 Armour
 + Level 6.8 Dodging
 - Level 1.7 Stealth


You had 9 spell levels left.
You didn't know any spells.
Your spell library was empty.

Inventory:

Hand Weapons
 a - a +0 short sword
 k - a +3 dagger of venom (weapon)
 p - the +3 hunting sling of Ifaphus {flame, rPois rC- Dex+3 Stlth+}
   (You found it on level 4 of the Dungeon)

   It causes projectiles fired from it to burn those they strike, causing extra
   injury to most foes and up to half again as much damage against particularly
   susceptible opponents.
   It affects your dexterity (+3).
   It makes you vulnerable to cold.
   It protects you from poison.
   It makes you more stealthy.
Missiles
 g - 3 throwing nets {=f=f}
 u - 124 stones (quivered)
 D - 8 poisoned darts
Armour
 b - a +0 robe
 e - a +2 cloak (worn)
 f - a +1 leather armour
 m - a +0 leather armour of fire resistance (worn)
 x - a +0 pair of boots
Magical Staves
 l - an uncursed staff of conjuration {!a!a, unknown}
 y - an uncursed staff of earth {!a!a, unknown}
Jewellery
 c - an uncursed ring of protection from cold
 n - an uncursed amulet of reflection
 q - an uncursed amulet of inaccuracy
 t - an uncursed ring of teleportation
 v - an uncursed ring of poison resistance {unknown}
 C - a ring of protection from cold (right hand)
 G - an amulet of guardian spirit (around neck)
 L - an uncursed ring of flight
Wands
 r - a wand of random effects (41)
 s - a wand of digging (5)
Scrolls
 h - a scroll of immolation
 i - 10 scrolls of identify {@r1@r1}
 o - 2 scrolls of teleportation {@r4@r4}
 w - 2 scrolls of remove curse {@r2@r2}
 z - a scroll of magic mapping
 A - a scroll of enchant weapon
 H - a scroll of fog
Potions
 d - a potion of heal wounds {unknown}
 j - a potion of brilliance
 B - a potion of attraction
 E - a potion of haste {@q3@q3}
 F - a potion of mutation {unknown}
 I - a potion of lignification {unknown}

Dungeon Overview and Level Annotations

Branches:
Dungeon (8/15)             Temple (0/1) D:5
   Lair: D:8-11

Altars:
Ashenzari
Cheibriados
Dithmenos
Elyvilon
Hepliaklqana
Makhleb
Okawaru
Sif Muna
Uskayaw
Yredelemnul
Zin

Annotations:
D:3 2 runed translucent doors, Dracia's ghost, amateur DsAK; Sassenached's ghost, amateur OpWn

#####.# #..##.###
#.†.../.###
###.<.......## ..
##...)....#...##..##
#.......(.## ..#...#
###.##....(##).....#.
###.#.....†........
###...@............
#......#....#.......
#.....###§..........
#....#..###...........
#...##.).###{5........
##..#...5###4.##......
#.......(###K.#...#..
#.....##{{.#5........
#..... ##.{...#......


You could see a white imp (summoned).


Message History

You see here 3 boomerangs.
The smoke demon gestures at you.
The sticky flame hits you but does no damage.
You are covered in liquid flames!
You are covered in liquid flames!
* * * LOW HITPOINT WARNING * * *
The white imp gestures at you. The puff of frost hits you. You resist.
* * * LOW HITPOINT WARNING * * *
You are covered in liquid flames!
* * * LOW HITPOINT WARNING * * *
You are covered in liquid flames!
* * * LOW HITPOINT WARNING * * *
You are covered in liquid flames!
* * * LOW HITPOINT WARNING * * *
The smoke demon gestures at you. The sticky flame misses you.
The smoke demon gestures at you. Something smites you!
* * * LOW HITPOINT WARNING * * *
The kobold demonologist casts a spell.
The white imp gestures at you. The puff of frost hits you. You resist.
* * * LOW HITPOINT WARNING * * *
There is a stone staircase leading up here.
Unknown command.
The smoke demon disappears in a puff of smoke!
The white imp gestures at you. The puff of frost hits you. You resist.
You die...

Skill      XL: |  1  2  3  4  5  6  7  8  9 |
---------------+----------------------------+-----
Short Blades   | 3 4 5 6 7 9 |  9.4
Dodging        | 3 4 5 6 |  6.8
Fighting       | 4 5 6 7 |  7.5
Armour         | 1 2 4 5 |  5.5
Stealth        | |  1.7

Action                   |  1- 3 |  4- 6 |  7- 9 | 10-12 || total
-------------------------+-------+-------+-------+-------++-------
Melee: Short sword       |   161 |       |       |       ||   161
       Dagger            |    36 |   139 |   746 |   119 ||  1040
 Fire: Hunting sling     |       |       |    12 |       ||    12
Throw: Stone             |       |       |     2 |       ||     2
  Use: Scroll            |       |     1 |    11 |       ||    12
       Potion            |       |       |     5 |       ||     5
 Stab: Sleeping          |     5 |     2 |     3 |       ||    10
       Distracted        |       |     1 |       |       ||     1
       Held in net/web   |       |       |     1 |       ||     1
       Invisible         |       |       |     2 |       ||     2
Armor: Robe              |     4 |       |       |       ||     4
       Leather armour    |    60 |    29 |   193 |    28 ||   310
Dodge: Dodged            |   159 |    50 |   570 |    90 ||   869
Block: Other             |       |    18 |    55 |       ||    73
       Reflection        |       |       |     4 |       ||     4

Levels and vault maps discovered:
D:1:      sevenhm_arrival_forest_fort_small_6, layout_loops_ring
D:2:      layout_rooms, general_overflow_altar, lemuel_round_altar,
          lemuel_coloured_pillars_altar
D:3:      minmay_diamond_boxcup, layout_loops_cross, kennysheep_slug_shrine,
          gammafunk_ghost_cemetery, ebering_dispersal_statue_hall,
          minmay_crystal_water
D:4:      old_forge, layout_basic, zin_angel
D:5:      kennysheep_spiral_hall, layout_basic,
          grunt_dithmenos_smoke_and_mirrors, ashenzari_altar_1,
          minmay_temple_entry_slanted
D:6:      kennysheep_six_static_rooms, layout_basic, demons_altar,
          marbit_many_paths, minmay_crossroads
D:7:      layout_gridville, elyvilon_altar_4, okawaru_gym_becter, basic_altar,
          kennysheep_generic_room_14, uniq_pikel
D:8:      layout_cave_pools, vehumet_altar_wand_db, dpeg_oklobed_lair,
          bh_walls_and_bars

Notes
Turn   | Place    | Note
-------+----------+-------------------------------------------
     0 | D:1      | Dracia the Demonspawn Monk began the quest for the Orb.
     0 | D:1      | Reached XP level 1. HP: 18/18 MP: 1/1
   384 | D:1      | Reached skill level 3 in Short Blades
   384 | D:1      | Gained mutation: You are partially covered in slimy green
                  | scales. (AC +2) [demonic ancestry]
   384 | D:1      | Reached XP level 2. HP: 23/24 MP: 2/2
   668 | D:1      | Reached skill level 3 in Dodging
   736 | D:1      | Gained mutation: When hurt, damage is shared between your
                  | health and your magic reserves. [demonic ancestry]
   736 | D:1      | Reached XP level 3. HP: 27/29 MP: 3/3
   991 | D:2      | Found a hide-covered altar of Uskayaw.
  1652 | D:2      | Found a hazy altar of Hepliaklqana.
  1786 | D:2      | Found a basalt altar of Yredelemnul.
  1900 | D:3      | Found a snail-covered altar of Cheibriados.
  2002 | D:3      | Gained mutation: You have a pair of small antennae on your
                  | head. [demonic ancestry]
  2002 | D:3      | Reached XP level 4. HP: 33/35 MP: 4/4
  2291 | D:3      | Found a runed translucent gate.
  2291 | D:3      | Found a runed translucent gate.
  2294 | D:3      | Found a runed translucent gate.
  2294 | D:3      | Noticed Sassenached's ghost (amateur OpWn)
  2294 | D:3      | Noticed Dracia's ghost (amateur DsAK)
  2294 | D:3      | You fall into a shaft and drop 3 floors!
  2347 | D:6      | Reached skill level 4 in Short Blades
  2545 | D:6      | Reached XP level 5. HP: 37/42 MP: 3/5
  2577 | D:5      | Entered Level 5 of the Dungeon
  2675 | D:5      | Found a shadowy altar of Dithmenos.
  2684 | D:5      | Reached skill level 4 in Fighting
  2811 | D:5      | Noticed a water moccasin
  2827 | D:5      | Killed a water moccasin
  2828 | D:5      | Gained mutation: You are mostly covered in slimy green
                  | scales. (AC +3) [demonic ancestry]
  2828 | D:5      | Reached XP level 6. HP: 34/48 MP: 6/6
  3008 | D:5      | Reached skill level 5 in Short Blades
  3008 | D:5      | Reached skill level 1 in Armour
  3008 | D:5      | Reached skill level 4 in Dodging
  3333 | D:5      | Noticed a sky beast
  3353 | D:5      | Killed a sky beast
  3354 | D:5      | Gained mutation: You regenerate magic rapidly. [demonic
                  | ancestry]
  3354 | D:5      | Reached XP level 7. HP: 28/55 MP: 3/7
  3506 | D:5      | Found a staircase to the Ecumenical Temple.
  3819 | D:5      | Found a broken altar of Ashenzari.
  3898 | D:5      | Reached skill level 2 in Armour
  4018 | D:4      | Found a glowing silver altar of Zin.
  4018 | D:4      | Noticed an angel
  4131 | D:4      | HP: 5/55 [orc priest/divine providence (6)]
  4141 | D:4      | Reached skill level 5 in Fighting
  4141 | D:4      | Reached skill level 6 in Short Blades
  4185 | D:4      | Got a translucent hunting sling
  4765 | D:4      | Reached XP level 8. HP: 62/62 MP: 8/8
  4978 | D:4      | Reached skill level 3 in Armour
  5468 | D:4      | Reached skill level 5 in Dodging
  6014 | D:6      | Reached skill level 7 in Short Blades
  6020 | D:6      | Identified the cursed +3 hunting sling of Ifaphus {flame,
                  | rPois rC- Dex+3 Stlth+} (You found it on level 4 of the
                  | Dungeon)
  6281 | D:6      | Found a burning altar of Makhleb.
  6330 | D:6      | Reached skill level 6 in Fighting
  6849 | D:6      | Reached skill level 4 in Armour
  6849 | D:6      | Reached XP level 9. HP: 54/69 MP: 9/9
  7297 | D:6      | Found a shimmering blue altar of Sif Muna.
  7872 | D:7      | Found a hide-covered altar of Uskayaw.
  7884 | D:7      | Identified the +8 whip "Kennio" {pain, rC+}
  7912 | D:7      | Noticed Pikel
  7945 | D:7      | Killed Pikel
  7946 | D:7      | Reached skill level 8 in Short Blades
  7946 | D:7      | Reached skill level 6 in Dodging
  8640 | D:6      | Became a worshipper of Sif Muna the Loreminder
  8640 | D:6      | Reached * piety under Sif Muna
  8640 | D:6      | Reached ** piety under Sif Muna
  8981 | D:6      | Reached skill level 7 in Fighting
  8981 | D:6      | Reached skill level 5 in Armour
  9440 | D:7      | Reached skill level 9 in Short Blades
  9622 | D:7      | Found an iron altar of Okawaru.
  9640 | D:7      | Gained mutation: You have a pair of antennae on your head.
                  | [demonic ancestry]
  9640 | D:7      | Reached XP level 10. HP: 53/66 MP: 8/10
 10020 | D:7      | Found a white marble altar of Elyvilon.
 10269 | D:8      | Noticed a smoke demon
 10291 | D:8      | HP: 5/79 [smoke demon/divine providence[a kobold
                  | demonologist] (12)]
 10293 | D:8      | Noticed an orange demon
 10293 | D:8      | HP: 2/79 [white imp/puff of frost[a kobold demonologist]
                  | (3)]
 10294 | D:8      | Killed from afar by a white imp

Vanquished Creatures
  Pikel (D:7)
  2 kobold demonologists
  A water moccasin (D:5)
  2 sky beasts
  2 orc warriors
  An ice beast (D:6)
  2 phantoms
  4 centaurs
  3 ogres
  A lemure (D:7)
  2 big kobolds
  5 bullfrogs
  8 scorpions
  9 wights
  A bullfrog zombie (D:5)
  A jelly (D:6)
  A centaur zombie (D:6)
  3 iron imps (D:6)
  An orc priest (D:4)
  3 hounds
  7 iguanas
  5 orc wizards
  7 worker ants
  2 hound zombies
  A howler monkey zombie (D:6)
  A worker ant zombie (D:5)
  8 gnolls
  12 adders
  A shadow imp (D:6)
  3 white imps
  An ufetubus (D:6)
  2 oozes
  An adder skeleton (D:5)
  2 worms
  2 dart slugs
  6 leopard geckos
  34 orcs
  15 bats
  12 giant cockroaches
  10 goblins
  6 hobgoblins
  5 jackals
  12 kobolds
  4 quokkas
  A ball python (D:2)
  6 frilled lizards
  A leopard gecko skeleton (D:4)
  9 rats
229 creatures vanquished.

Vanquished Creatures (others)
  A quokka (D:7)
  4 fungi (D:4)
  6 withered plants (D:3)
11 creatures vanquished.

Grand Total: 240 creatures vanquished

Table legend: (Time is in decaauts)
 A = Elapsed time spent in this place.
 B = Non-inter-level travel time spent in this place.
 C = Inter-level travel time spent in this place.
 D = Time resting spent in this place.
 E = Time spent auto-exploring this place.
 F = Levels seen in this place.
 G = Mean time per level.
                   A        B        C        D        E       F      G
               +--------+--------+--------+--------+--------+-----+--------+
         Total |   9927 |   9563 |    364 |   2064 |   5634 |   8 | 1240.9 |
       Dungeon |   9927 |   9563 |    364 |   2064 |   5634 |   8 | 1240.9 |
               +--------+--------+--------+--------+--------+-----+--------+

Top non-repeatable levels by time:
     D:6: 3174 daAuts
     D:4: 1504 daAuts
     D:5: 1405 daAuts
     D:7: 1130 daAuts
     D:1: 957 daAuts
     D:2: 880 daAuts
     D:3: 794 daAuts
     D:8: 79 daAuts

Table legend:
 A = Non-vault XP
 B = Vault XP
 C = Vault XP percentage of total XP
 D = Non-vault monster count
 E = Vault monster count
 F = Vault count percentage of total count
                 A         B        C        D         E       F
            +---------+---------+-------+---------+---------+-------
      Total |    5129 |    1663 |  24.5 |     195 |      33 |  14.5
            +---------+---------+-------+---------+---------+-------
        D:1 |      48 |       0 |   0.0 |      27 |       0 |   0.0
        D:2 |      33 |       0 |   0.0 |      19 |       0 |   0.0
        D:3 |     103 |      36 |  25.9 |      24 |       8 |  25.0
        D:4 |     288 |     517 |  64.2 |      27 |      13 |  32.5
        D:5 |     686 |      62 |   8.3 |      16 |       2 |  11.1
        D:6 |    1850 |     327 |  15.0 |      44 |       8 |  15.4
        D:7 |    1517 |     721 |  32.2 |      31 |       2 |   6.1
        D:8 |     604 |       0 |   0.0 |       7 |       0 |   0.0
            +---------+---------+-------+---------+---------+-------
